 Dungeon Crawl Stone Soup version 0.30-a0-222-ge547ba4400 (webtiles) character file.

Game seed: 17414640504378525379

102291 qw the Severer (level 16, 0/101 HPs)
             Began as a Gargoyle Fighter on Oct 8, 2022.
             Was a High Priest of Okawaru.
             Killed by divine providence
             ... invoked by an orc high priest
              (12 damage)
             ... on level 2 of the Orcish Mines.
             The game lasted 00:10:47 (22302 turns).

qw the Severer (Gargoyle Fighter)                  Turns: 22302, Time: 00:10:48

Health: 0/101      AC: 50    Str: 26      XL:     16   Next: 32%
Magic:  23/23      EV: 17    Int:  9 (11) God:    Okawaru [*****.]
Gold:   2228       SH: 22    Dex: 18      Spells: 15/15 levels left

rFire   + + .      SeeInvis .    Y - +3 broad axe
rCold   + + .      Faith    .    y - +2 shield of Resistance {rF++ rC++ Will++}
rNeg    + . .      Spirit   .    l - +10 plate armour {ponderous}
rPois   inf        Reflect  +    b - +0 helmet
rElec   +          Harm     .    k - +2 cloak
rCorr   .          Rampage  .    c - +2 pair of gloves of Time Monsters {Dex+3}
Will    +++..                    D - +0 pair of boots
Stlth   ..........               t - amulet of reflection
HPRegen 0.36/turn                j - +4 ring of evasion
MPRegen 0.18/turn                r - +6 ring of dexterity

@: about to teleport, heroic, flying, slow
A: sickness immunity, AC +12, big wings, negative energy resistance 1,
electricity resistance, torment resistance 1, petrification resistance
a: Renounce Religion, Heroism, Finesse, Duel


You were on level 2 of the Orcish Mines.
You worshipped Okawaru.
Okawaru was extremely pleased with you.
You visited 3 branches of the dungeon, and saw 22 of its levels.

You collected 2363 gold pieces.
You spent 135 gold pieces at shops.


Innate Abilities, Weirdness & Mutations

You are immune to sickness and miasma.
Your stone body is resilient. (AC +12)
You are immune to poison.
Your large and strong wings let you fly.
You resist negative energy. (rN+)
You are resistant to electric shocks. (rElec)
You are resistant to unholy torment.
You are immune to petrification.


   Skills:
 - Level 12.0(17.0) Fighting
 + Level 16.5(21.5) Axes
 - Level 7.0(12.0) Throwing
 - Level 12.0(17.0) Armour
 - Level 5.1(10.1) Dodging
 - Level 13.0(18.0) Shields
 - Level 10.0 Invocations


You had 15 spell levels left.
You didn't know any spells.
Your spell library was empty.

Inventory:

Hand Weapons
 i - a +0 morningstar
 Y - a +3 broad axe (weapon)
Missiles
 s - 12 boomerangs (quivered)
 F - 3 silver boomerangs
Armour
 a - the +1 chain mail "Rasmusk" {*Corrode rC++ Str+5}
   (Okawaru gifted it to you on level 3 of the Lair of Beasts)

   Str:       It affects your strength (+5).
   rC:        It greatly protects you from cold.
   *Corrode:  It may corrode you when you take damage.
 b - a +0 helmet (worn)
 c - the +2 pair of gloves of Time Monsters (worn) {Dex+3}
   (Okawaru gifted it to you on level 5 of the Lair of Beasts)

   Dex:       It affects your dexterity (+3).
 k - a +2 cloak (worn)
 l - a +10 plate armour of ponderousness (worn)
 n - a +1 plate armour of cold resistance
 y - the +2 shield of Resistance (worn) {rF++ rC++ Will++}
   (You found it on level 4 of the Lair of Beasts)

   rF:        It greatly protects you from fire.
   rC:        It greatly protects you from cold.
   Will:      It greatly increases your willpower.
 D - a +0 pair of boots (worn)
Jewellery
 j - a +4 ring of evasion (left hand)
 p - a ring of ice
 r - a +6 ring of dexterity (right hand)
 t - an amulet of reflection (around neck)
 u - a ring of resist corrosion
 w - a ring of protection from fire
 A - a ring of protection from cold
 C - a ring of protection from fire
Wands
 E - a wand of digging (7)
Scrolls
 f - 4 scrolls of identify
 q - 12 scrolls of teleportation
Potions
 d - 2 potions of might
 e - 3 potions of attraction
 g - 2 potions of resistance
 h - 3 potions of curing
 m - 4 potions of lignification
 o - a potion of heal wounds
 v - 3 potions of haste
 x - a potion of cancellation
 z - 2 potions of magic
 B - 2 potions of mutation

Dungeon Overview and Level Annotations

Branches:
Dungeon (15/15)            Temple (0/1) D:6            Lair (5/5) D:9
  Swamp (0/4) Lair:2        Snake (0/4) Lair:3        Slime (0/5) Lair:4
    Orc (2/2) D:10            Elf (0/3) Orc:2        Vaults (0/5) D:14
 Depths (0/4) D:15

Altars:
Gozag
Makhleb
Nemelex Xobeh
Okawaru
Sif Muna
Trog
The Shining One

Shops:
D:15 ?

Portals:
Hell: Lair:5
Trove: D:14 (give +4 ice dragon scales)

Annotations:
D:5 3 runed translucent doors, qw's ghost, amateur GrFi
Orc:1 1 runed translucent door


Message History

You kill the rust devil!
The rust devil disappears in a puff of smoke!
You hit the orc knight but do no damage.
The orc priest no longer looks unusually strong.
The orc high priest mumbles some strange prayers.
The orc high priest utters an invocation to Beogh.
An orc high priest comes into view. It is wielding a +0 trident.
The orc priest looks braver for a moment.
You block the orc knight's attack.
You closely miss the orc knight.
The orc knight is moderately wounded.
You slash the orc high priest!
The orc high priest no longer looks unusually strong.
You block the red devil's attack.
The orc high priest mumbles some strange prayers to Beogh against you.
Beogh smites you!
The orc high priest mumbles some strange prayers to Beogh against you.
Beogh smites you! The orc knight barely misses you.
You slice the orc knight!!
The orc knight is severely wounded.
You barely miss the orc high priest. You slash the orc warrior!
You block the red devil's attack.
You closely miss the orc knight.
The orc knight is severely wounded.
You slash the orc high priest! You slash the orc warrior!
You block the orc high priest's attack.
The orc warrior hits you but does no damage.
The orc knight barely misses you.
The orc high priest calls down the wrath of Beogh upon you.
Beogh smites you! The smoke demon gestures at you. Beogh smites you!
You block the red devil's attack.
22302 ||| READING 13 scrolls of teleportation.
As you read the scroll of teleportation, it crumbles to dust.
You feel strangely unstable. You block the orc high priest's attack.
You block the orc warrior's attack.
The orc high priest prays to Beogh.
The orc high priest invokes the aid of Beogh against you.
Beogh smites you!
You die...

#....#...#....##......#
#.............###....##
#....#...#....##....##
##...........###.....#
#...#...#...# #.#...#
##.........## ##...##
#..#...#..# ##...#
##...o)).## ##.##
###.#@### ### #..ooo#
##4#o##


.3oooo ..# .4# #.. ..(. #.. ..3# #. ...o. You could see an orc knight, 4 orc
high priests, a sun demon (summoned), a smoke demon (summoned), a chaos spawn
(summoned), a red devil (summoned), 2 orc warriors and 3 orc priests.

Vanquished Creatures
  A frost giant (D:14)
  A fire giant (D:14)
  A stone giant (D:15)
  A fire dragon (D:14)
  An ice dragon (D:14)
  Erolcha (Orc:1)
  A vault guard (D:14)
  10 hydras
  7 centaur warriors
  A catoblepas (Lair:5)
  2 ogre magi
  11 two-headed ogres
  7 boulder beetles
  A tengu warrior (D:14)
  2 orc high priests (Orc:1)
  Sonja (D:10)
  A sixfirhy (Lair:5)
  3 skeletal warriors (D:12)
  A deep elf archer (D:14)
  A wizard (Lair:5)
  2 lindwurms
  6 orc knights
  A necromancer (D:14)
  5 deep elf pyromancers
  A mana viper (shapeshifter) (D:13)
  2 deep elf zephyrmancers (D:14)
  An oklob plant (Lair:3)
  14 ugly things
  A wolf spider (D:14)
  4 cyclopes
  An orc sorcerer (Orc:2)
  4 manticores
  5 elephants (Lair:5)
  Maurice (Orc:1)
  4 black mambas
  2 gargoyles
  An orange demon (Lair:5)
  12 cane toads
  Maggie (D:6)
  2 unseen horrors (D:12)
  12 komodo dragons
  3 kobold demonologists
  4 rime drakes
  A freezing wraith (D:14)
  A hellwing (Lair:5)
  A tengu conjurer (D:14)
  4 yaktaurs (D:14)
  2 ice devils (Lair:5)
  2 red devils (Lair:5)
  A hornet (D:10)
  2 polar bears (Lair:2)
  Prince Ribbit (D:6)
  10 trolls
  2 tyrant leeches (Lair:2)
  A tarantella (shapeshifter) (D:13)
  29 blink frogs
  4 slime creatures (D:15)
  4 dream sheep (Lair:5)
  Sigmund (D:6)
  A centaur simulacrum (D:14)
  A shadow (D:11)
  A spriggan (Lair:2)
  A spriggan (shapeshifter) (D:14)
  3 wyverns
  3 vampires
  A wraith (D:10)
  Eustachio (D:5)
  58 yaks
  A basilisk (shapeshifter) (D:14)
  2 basilisks
  2 steam dragons (D:8)
  A redback (D:14)
  15 vampire mosquitoes
  An acid dragon (D:11)
  A warg (D:15)
  A swamp worm (Lair:2)
  Edmund (D:6)
  7 nagas (Lair:3)
  19 water moccasins
  5 hell hounds (Lair:5)
  28 orc warriors
  4 ice beasts
  6 black bears
  A sky beast (D:8)
  5 ogres
  5 boggarts (D:14)
  17 wolves
  A phantom (D:4)
  12 centaurs
  2 kobold brigands
  7 bullfrogs
  2 gnoll sergeants
  A necrophage (D:5)
  3 scorpions
  6 wights
  7 killer bees
  4 electric eels (D:8)
  5 howler monkeys
  3 hounds
  2 gnoll boudas
  25 orc priests
  3 jellies
  4 iguanas
  8 orc wizards
  2 hell rats (Lair:1)
  16 gnolls
  6 adders
  5 river rats (Lair:1)
  A shadow imp (D:6)
  2 white imps
  An ufetubus (D:5)
  A worm (D:4)
  4 dart slugs
  84 orcs
  10 endoplasms
  7 giant cockroaches
  6 goblins
  8 hobgoblins
  7 quokkas
  9 ball pythons
  7 bats
  3 frilled lizards
  17 kobolds
  6 rats
699 creatures vanquished.

Vanquished Creatures (others)
  A troll (Orc:1)
  An orc wizard (D:13)
  A bush (Lair:5)
  34 fungi
  81 plants
118 creatures vanquished.

Grand Total: 817 creatures vanquished

Notes
Turn   | Place    | Note
-------+----------+-------------------------------------------
     0 | D:1      | qw the Gargoyle Fighter began the quest for the Orb.
     0 | D:1      | Reached XP level 1. HP: 14/14 MP: 1/1
     0 | D:1      | 0 ||| qw: Version: 0.2-a-17-gfa9de96
     0 | D:1      | 0 ||| qw: Game counter: 1989
     0 | D:1      | 0 ||| qw: Always use a shield: true
     0 | D:1      | 0 ||| qw: God list: Okawaru
     0 | D:1      | 0 ||| qw: Allow faded altars: false
     0 | D:1      | 0 ||| qw: Do Orc after D:15 true
     0 | D:1      | 0 ||| qw: Do second Lair branch before Depths: true
     0 | D:1      | 0 ||| qw: Lair rune preference: random
     0 | D:1      | 0 ||| qw: Plans: Normal, Zot:1-4, God:TSO, Crypt, Tomb,
                  | Pan, Slime:5, Hells, Abyss, Orb
     0 | D:1      | 0 ||| PLANNING D:1-11
    48 | D:1      | Reached skill level 2 in Axes
   142 | D:1      | Reached XP level 2. HP: 17/19 MP: 2/2
   380 | D:1      | Reached skill level 3 in Axes
   395 | D:1      | 395 ||| Stepping ~*~*~tactically~*~*~ (stealth).
   401 | D:1      | 401 ||| Stepping ~*~*~tactically~*~*~ (stealth).
   402 | D:1      | 402 ||| Stepping ~*~*~tactically~*~*~ (stealth).
   403 | D:1      | 403 ||| Stepping ~*~*~tactically~*~*~ (stealth).
   410 | D:1      | Reached XP level 3. HP: 20/23 MP: 3/3
   896 | D:1      | 896 ||| UPGRADING to +4 ring of evasion.
   897 | D:1      | 897 ||| READING scroll labelled GAERIQ VUMU.
   898 | D:1      | 898 ||| READING scroll labelled OZESTU WARHE.
   962 | D:2      | 962 ||| Stepping ~*~*~tactically~*~*~ (hiding).
  1162 | D:2      | 1162 ||| DROPPING +0 club.
  1171 | D:2      | Found a shimmering blue altar of Sif Muna.
  1273 | D:2      | 1273 ||| Stepping ~*~*~tactically~*~*~ (stealth).
  1348 | D:2      | Reached XP level 4. HP: 28/28 MP: 4/4
  1415 | D:2      | Reached skill level 4 in Axes
  1793 | D:2      | 1793 ||| UPGRADING to +0 chain mail.
  1803 | D:2      | 1803 ||| DROPPING +0 scale mail.
  1804 | D:2      | 1804 ||| READING 2 scrolls labelled YLIEF KEISK.
  1805 | D:2      | 1805 ||| READING scroll labelled OCOCULIEFY.
  1806 | D:2      | 1806 ||| READING scroll labelled ONTYULU WILUONWA.
  1807 | D:2      | 1807 ||| READING scroll labelled FUNWAU WOMEOR.
  1810 | D:2      | 1810 ||| READING scroll labelled DEOKIG OJYR.
  1811 | D:2      | 1811 ||| DRINKING 2 metallic coppery potions.
  1812 | D:2      | 1812 ||| DROPPING scroll of summoning.
  2023 | D:3      | 2023 ||| Stepping ~*~*~tactically~*~*~ (stealth).
  2027 | D:3      | 2027 ||| Stepping ~*~*~tactically~*~*~ (stealth).
  2195 | D:3      | 2195 ||| Stepping ~*~*~tactically~*~*~ (hiding).
  2511 | D:3      | 2511 ||| UPGRADING to +0 plate armour.
  2521 | D:3      | 2521 ||| DROPPING +0 chain mail.
  2522 | D:3      | 2522 ||| UPGRADING to ring of positive energy.
  2523 | D:3      | 2523 ||| UPGRADING to ring of protection from cold.
  2525 | D:3      | 2525 ||| READING scroll labelled DADIYRHYPO.
  2526 | D:3      | 2526 ||| READING scroll labelled RYT BURYERPH.
  2527 | D:3      | 2527 ||| READING scroll labelled KOLUAMATOMN.
  2528 | D:3      | 2528 ||| DRINKING 2 pink potions.
  2529 | D:3      | 2529 ||| DRINKING 2 golden potions.
  2530 | D:3      | 2530 ||| DROPPING potion of magic.
  2544 | D:4      | Noticed a black bear
  2553 | D:4      | Killed a black bear
  2554 | D:4      | Reached skill level 5 in Axes
  2554 | D:4      | Reached XP level 5. HP: 30/32 MP: 5/5
  2565 | D:4      | 2565 ||| Stepping ~*~*~tactically~*~*~ (stealth).
  2598 | D:4      | Noticed a phantom
  2604 | D:4      | Killed a phantom
  2605 | D:4      | Reached XP level 6. HP: 39/39 MP: 6/6
  2615 | D:4      | 2615 ||| DROPPING +0 whip.
  2834 | D:4      | Reached skill level 6 in Axes
  2856 | D:4      | 2856 ||| Stepping ~*~*~tactically~*~*~ (hiding).
  2857 | D:4      | 2857 ||| Stepping ~*~*~tactically~*~*~ (hiding).
  2857 | D:4      | Noticed a black bear
  2858 | D:4      | 2858 ||| Stepping ~*~*~tactically~*~*~ (stealth).
  2859 | D:4      | Found a bloodstained altar of Trog.
  2859 | D:4      | Noticed a black bear
  2864 | D:4      | Killed a black bear
  2865 | D:4      | Reached XP level 7. HP: 44/44 MP: 7/7
  2878 | D:4      | Reached skill level 7 in Axes
  2897 | D:4      | 2897 ||| Stepping ~*~*~tactically~*~*~ (hiding).
  3192 | D:4      | 3192 ||| DROPPING scarf of harm.
  3193 | D:4      | 3193 ||| DRINKING 2 viscous blue potions.
  3232 | D:4      | 3232 ||| READING 3 scrolls of identify.
  3232 | D:4      | 3232 ||| IDENTIFYING glowing pink potion
  3233 | D:4      | 3233 ||| READING 2 scrolls of identify.
  3233 | D:4      | 3233 ||| IDENTIFYING emerald potion
  3234 | D:4      | 3234 ||| DROPPING potion of flight.
  3260 | D:5      | Entered Level 5 of the Dungeon
  3323 | D:5      | Identified the +7 hand axe of World's End {vorpal, rF+
                  | Str+3 Dex+6}
  3328 | D:5      | 3328 ||| READING scroll of enchant armour.
  3328 | D:5      | 3328 ||| ENCHANTING +0 plate armour.
  3401 | D:5      | Found an iron altar of Okawaru.
  3402 | D:5      | 3402 ||| PLANNING OKAWARU WORSHIP
  3414 | D:5      | Became a worshipper of Warmaster Okawaru
  3415 | D:5      | 3415 ||| PLANNING D:1-11
  3459 | D:5      | Reached skill level 1 in Dodging
  3531 | D:5      | Reached XP level 8. HP: 49/49 MP: 8/8
  3539 | D:5      | Found a burning altar of Makhleb.
  3589 | D:5      | Noticed Eustachio
  3600 | D:5      | Killed Eustachio
  3617 | D:5      | Found a runed translucent gate.
  3617 | D:5      | Found a runed translucent gate.
  3621 | D:5      | Reached * piety under Okawaru
  3622 | D:5      | Found a runed translucent gate.
  3679 | D:5      | Noticed qw's ghost (amateur GrFi)
  3746 | D:5      | Reached skill level 1 in Invocations
  3910 | D:5      | 3910 ||| UPGRADING to amulet of reflection.
  3915 | D:5      | 3915 ||| READING 4 scrolls of identify.
  3915 | D:5      | 3915 ||| IDENTIFYING bubbling coppery potion
  3916 | D:5      | 3916 ||| READING 3 scrolls of identify.
  3916 | D:5      | 3916 ||| IDENTIFYING sedimented coppery potion
  3917 | D:5      | 3917 ||| DROPPING potion of berserk rage.
  3918 | D:5      | 3918 ||| DROPPING potion of ambrosia.
  3928 | D:6      | 3928 ||| PLANNING SEWER
  3943 | D:6      | Noticed Prince Ribbit
  3944 | D:6      | 3944 ||| INVOKING Heroism.
  3950 | D:6      | Killed Prince Ribbit
  4071 | D:6      | Reached skill level 3 in Invocations
  4083 | D:6      | Noticed Edmund
  4084 | D:6      | 4084 ||| INVOKING Heroism.
  4091 | D:6      | Killed Edmund
  4103 | D:6      | Noticed Maggie
  4107 | D:6      | Reached skill level 8 in Axes
  4107 | D:6      | Reached XP level 9. HP: 48/54 MP: 10/12
  4116 | D:6      | 4116 ||| INVOKING Heroism.
  4120 | D:6      | Killed Maggie
  4120 | D:6      | Reached ** piety under Okawaru
  4121 | D:6      | Reached skill level 6 in Fighting
  4124 | D:6      | 4124 ||| Stepping ~*~*~tactically~*~*~ (stealth).
  4128 | D:6      | 4128 ||| INVOKING Heroism.
  4149 | D:6      | 4149 ||| FLEEEEING.
  4150 | D:6      | 4150 ||| FLEEEEING.
  4201 | D:6      | 4201 ||| DROPPING +0 flail.
  4506 | D:6      | Found a shimmering blue altar of Sif Muna.
  4507 | D:6      | Noticed Sigmund
  4508 | D:6      | 4508 ||| INVOKING Heroism.
  4521 | D:6      | Killed Sigmund
  4522 | D:6      | Reached skill level 9 in Axes
  4632 | D:6      | 4632 ||| RIP SEWER
  4633 | D:6      | 4633 ||| PLANNING D:1-11
  4657 | D:6      | Found a staircase to the Ecumenical Temple.
  4857 | D:6      | 4857 ||| UPGRADING to +0 cloak.
  4900 | D:7      | 4900 ||| READING scroll of enchant armour.
  4900 | D:7      | 4900 ||| ENCHANTING +0 cloak.
  5078 | D:7      | 5078 ||| Stepping ~*~*~tactically~*~*~ (stealth).
  5080 | D:7      | 5080 ||| Stepping ~*~*~tactically~*~*~ (stealth).
  5086 | D:7      | 5086 ||| Stepping ~*~*~tactically~*~*~ (stealth).
  5087 | D:7      | 5087 ||| Stepping ~*~*~tactically~*~*~ (stealth).
  5094 | D:7      | Reached *** piety under Okawaru
  5100 | D:7      | 5100 ||| Stepping ~*~*~tactically~*~*~ (hiding).
  5101 | D:7      | 5101 ||| Stepping ~*~*~tactically~*~*~ (stealth).
  5103 | D:7      | 5103 ||| Stepping ~*~*~tactically~*~*~ (hiding).
  5105 | D:7      | 5105 ||| INVOKING Heroism.
  5128 | D:7      | 5128 ||| Stepping ~*~*~tactically~*~*~ (stealth).
  5130 | D:7      | 5130 ||| Stepping ~*~*~tactically~*~*~ (hiding).
  5132 | D:7      | 5132 ||| Stepping ~*~*~tactically~*~*~ (hiding).
  5133 | D:7      | 5133 ||| INVOKING Heroism.
  5237 | D:7      | Found an opulent altar of Gozag.
  5238 | D:7      | Found a sparkling altar of Nemelex Xobeh.
  5587 | D:7      | 5587 ||| UPGRADING to +9 plate armour of ponderousness.
  5597 | D:7      | 5597 ||| DROPPING +1 plate armour.
  5598 | D:7      | 5598 ||| READING 3 scrolls of identify.
  5598 | D:7      | 5598 ||| IDENTIFYING fuming pink potion
  5599 | D:7      | 5599 ||| DROPPING potion of invisibility.
  5643 | D:8      | 5643 ||| INVOKING Heroism.
  5647 | D:8      | Reached skill level 6 in Armour
  5778 | D:8      | 5778 ||| Stepping ~*~*~tactically~*~*~ (stealth).
  5783 | D:8      | Reached XP level 10. HP: 55/63 MP: 13/13
  5783 | D:8      | 5783 ||| FLEEEEING.
  5784 | D:8      | 5784 ||| FLEEEEING.
  5785 | D:8      | 5785 ||| FLEEEEING.
  5786 | D:8      | 5786 ||| FLEEEEING.
  5787 | D:8      | 5787 ||| FLEEEEING.
  5834 | D:8      | 5834 ||| INVOKING Heroism.
  5849 | D:8      | Reached skill level 10 in Axes
  5933 | D:8      | 5933 ||| INVOKING Heroism.
  6067 | D:8      | 6067 ||| Stepping ~*~*~tactically~*~*~ (stealth).
  6070 | D:8      | 6070 ||| Stepping ~*~*~tactically~*~*~ (hiding).
  6109 | D:8      | 6109 ||| Stepping ~*~*~tactically~*~*~ (stealth).
  6110 | D:8      | 6110 ||| Stepping ~*~*~tactically~*~*~ (stealth).
  6116 | D:8      | 6116 ||| Stepping ~*~*~tactically~*~*~ (stealth).
  6117 | D:8      | 6117 ||| Stepping ~*~*~tactically~*~*~ (stealth).
  6133 | D:8      | 6133 ||| INVOKING Heroism.
  6163 | D:8      | 6163 ||| READING scroll of enchant armour.
  6163 | D:8      | 6163 ||| ENCHANTING +1 cloak.
  6226 | D:8      | 6226 ||| Stepping ~*~*~tactically~*~*~ (stealth).
  6228 | D:8      | 6228 ||| INVOKING Heroism.
  6287 | D:8      | 6287 ||| INVOKING Heroism.
  6451 | D:8      | 6451 ||| INVOKING Heroism.
  6456 | D:8      | 6456 ||| Stepping ~*~*~tactically~*~*~ (cloud).
  6617 | D:8      | 6617 ||| READING scroll labelled MAIVVU WECITZI.
  6618 | D:8      | 6618 ||| READING 2 scrolls labelled LAPNAH VIDUFF.
  6619 | D:8      | 6619 ||| DROPPING scroll of noise.
  6749 | D:9      | 6749 ||| Stepping ~*~*~tactically~*~*~ (stealth).
  6751 | D:9      | 6751 ||| Stepping ~*~*~tactically~*~*~ (stealth).
  6752 | D:9      | 6752 ||| INVOKING Heroism.
  6754 | D:9      | 6754 ||| Stepping ~*~*~tactically~*~*~ (hiding).
  6759 | D:9      | 6759 ||| Stepping ~*~*~tactically~*~*~ (stealth).
  6787 | D:9      | 6787 ||| Stepping ~*~*~tactically~*~*~ (stealth).
  6790 | D:9      | 6790 ||| INVOKING Heroism.
  6879 | D:9      | 6879 ||| INVOKING Heroism.
  6917 | D:9      | 6917 ||| READING scroll of enchant weapon.
  6917 | D:9      | 6917 ||| ENCHANTING +0 spectral war axe.
  6976 | D:9      | Reached **** piety under Okawaru
  7271 | D:9      | 7271 ||| INVOKING Heroism.
  7329 | D:9      | 7329 ||| READING scroll of enchant weapon.
  7329 | D:9      | 7329 ||| ENCHANTING +1 spectral war axe.
  7461 | D:9      | Noticed a two-headed ogre
  7462 | D:9      | 7462 ||| INVOKING Heroism.
  7468 | D:9      | Killed a two-headed ogre
  7468 | D:9      | Received a gift from Okawaru
  7469 | D:9      | Reached skill level 11 in Axes
  7469 | D:9      | Reached XP level 11. HP: 68/68 MP: 11/15
  7622 | D:9      | Found a staircase to the Lair.
  7625 | D:9      | 7625 ||| PLANNING LAIR
  7625 | D:9      | 7625 ||| DROPPING ring of positive energy.
  7627 | Lair:1   | Entered Level 1 of the Lair of Beasts
  7630 | Lair:1   | 7630 ||| INVOKING Heroism.
  7635 | Lair:1   | Reached skill level 6 in Invocations
  7681 | Lair:1   | 7681 ||| INVOKING Heroism.
  7688 | Lair:1   | Received a gift from Okawaru
  7730 | Lair:1   | 7730 ||| Stepping ~*~*~tactically~*~*~ (stealth).
  7731 | Lair:1   | 7731 ||| Stepping ~*~*~tactically~*~*~ (stealth).
  7814 | Lair:1   | 7814 ||| Stepping ~*~*~tactically~*~*~ (stealth).
  7819 | Lair:1   | 7819 ||| Stepping ~*~*~tactically~*~*~ (stealth).
  7820 | Lair:1   | 7820 ||| Stepping ~*~*~tactically~*~*~ (stealth).
  7824 | Lair:1   | 7824 ||| Stepping ~*~*~tactically~*~*~ (stealth).
  7826 | Lair:1   | Reached ***** piety under Okawaru
  7886 | Lair:1   | 7886 ||| INVOKING Heroism.
  8141 | Lair:1   | 8141 ||| INVOKING Heroism.
  8163 | Lair:1   | 8163 ||| READING scroll of enchant armour.
  8163 | Lair:1   | 8163 ||| ENCHANTING +9 plate armour of ponderousness.
  8238 | Lair:1   | 8238 ||| INVOKING Heroism.
  8355 | Lair:1   | 8355 ||| INVOKING Heroism.
  8413 | Lair:1   | Reached skill level 9 in Fighting
  8519 | Lair:1   | 8519 ||| UPGRADING to +0 helmet.
  8524 | Lair:1   | 8524 ||| READING scroll labelled LIHEEG BOR.
  8645 | Lair:2   | Found a frozen archway.
  8647 | Lair:2   | 8647 ||| INVOKING Heroism.
  8703 | Lair:2   | 8703 ||| Stepping ~*~*~tactically~*~*~ (stealth).
  8719 | Lair:2   | 8719 ||| INVOKING Heroism.
  8796 | Lair:2   | 8796 ||| INVOKING Heroism.
  8816 | Lair:2   | 8816 ||| INVOKING Heroism.
  8831 | Lair:2   | Reached skill level 9 in Invocations
  8846 | Lair:2   | 8846 ||| INVOKING Heroism.
  8927 | Lair:2   | 8927 ||| Stepping ~*~*~tactically~*~*~ (stealth).
  8928 | Lair:2   | 8928 ||| Stepping ~*~*~tactically~*~*~ (stealth).
  8930 | Lair:2   | 8930 ||| Stepping ~*~*~tactically~*~*~ (stealth).
  8932 | Lair:2   | 8932 ||| Stepping ~*~*~tactically~*~*~ (stealth).
  8933 | Lair:2   | 8933 ||| INVOKING Heroism.
  8934 | Lair:2   | 8934 ||| Stepping ~*~*~tactically~*~*~ (stealth).
  8945 | Lair:2   | Reached XP level 12. HP: 76/76 MP: 17/19
  8955 | Lair:2   | Received a gift from Okawaru
  9037 | Lair:2   | 9037 ||| INVOKING Heroism.
  9044 | Lair:2   | Reached skill level 12 in Axes
  9125 | Lair:2   | 9125 ||| READING scroll of enchant weapon.
  9125 | Lair:2   | 9125 ||| ENCHANTING +2 spectral war axe.
  9126 | Lair:2   | 9126 ||| DROPPING +7 hand axe of World's End {vorpal, rF+
                  | Str+3 Dex+6}.
  9164 | Lair:2   | Noticed a boulder beetle
  9165 | Lair:2   | 9165 ||| INVOKING Heroism.
  9166 | Lair:2   | 9166 ||| INVOKING Finesse.
  9167 | Lair:2   | 9167 ||| INVOKING Finesse.
  9176 | Lair:2   | Killed a boulder beetle
  9223 | Lair:2   | 9223 ||| Stepping ~*~*~tactically~*~*~ (hiding).
  9346 | Lair:2   | 9346 ||| Stepping ~*~*~tactically~*~*~ (hiding).
  9476 | Lair:2   | 9476 ||| INVOKING Heroism.
  9484 | Lair:2   | Reached skill level 6 in Shields
  9702 | Lair:2   | Found a staircase to the Swamp.
  9710 | Lair:2   | 9710 ||| INVOKING Heroism.
  9910 | Lair:2   | 9910 ||| DROPPING +0 plate armour of positive energy.
  9911 | Lair:2   | 9911 ||| READING scroll labelled QOISAK LID BAG.
  9912 | Lair:2   | 9912 ||| READING scroll labelled CUSTRU VIECOU.
  9913 | Lair:2   | 9913 ||| DRINKING 2 purple potions.
  9914 | Lair:2   | 9914 ||| READING 5 scrolls of identify.
  9914 | Lair:2   | 9914 ||| IDENTIFYING bubbling brown potion
  9915 | Lair:2   | 9915 ||| DROPPING potion of degeneration.
  9999 | Lair:3   | 9999 ||| INVOKING Heroism.
 10000 | Lair:3   | 10000 ||| INVOKING Finesse.
 10006 | Lair:3   | 10006 ||| STAIRDANCE
 10126 | Lair:3   | 10126 ||| INVOKING Heroism.
 10127 | Lair:3   | 10127 ||| INVOKING Finesse.
 10144 | Lair:3   | 10144 ||| Stepping ~*~*~tactically~*~*~ (stealth).
 10145 | Lair:3   | 10145 ||| Stepping ~*~*~tactically~*~*~ (stealth).
 10150 | Lair:3   | 10150 ||| Stepping ~*~*~tactically~*~*~ (stealth).
 10155 | Lair:3   | Reached skill level 9 in Armour
 10281 | Lair:3   | 10281 ||| Stepping ~*~*~tactically~*~*~ (stealth).
 10284 | Lair:3   | 10284 ||| INVOKING Heroism.
 10337 | Lair:3   | 10337 ||| INVOKING Heroism.
 10338 | Lair:3   | 10338 ||| SWAPPING to +0 broad axe.
 10347 | Lair:3   | 10347 ||| DROPPING +3 spectral war axe.
 10348 | Lair:3   | 10348 ||| Stepping ~*~*~tactically~*~*~ (stealth).
 10445 | Lair:3   | 10445 ||| Stepping ~*~*~tactically~*~*~ (stealth).
 10446 | Lair:3   | 10446 ||| INVOKING Heroism.
 10472 | Lair:3   | Identified the +1 chain mail "Rasmusk" {*Corrode rC++
                  | Str+5} (Okawaru gifted it to you on level 3 of the Lair of
                  | Beasts)
 10472 | Lair:3   | Received a gift from Okawaru
 10500 | Lair:3   | 10500 ||| INVOKING Heroism.
 10525 | Lair:3   | 10525 ||| Stepping ~*~*~tactically~*~*~ (stealth).
 10526 | Lair:3   | 10526 ||| Stepping ~*~*~tactically~*~*~ (stealth).
 10528 | Lair:3   | 10528 ||| Stepping ~*~*~tactically~*~*~ (stealth).
 10528 | Lair:3   | Found a staircase to the Snake Pit.
 10529 | Lair:3   | 10529 ||| Stepping ~*~*~tactically~*~*~ (stealth).
 10536 | Lair:3   | 10536 ||| Stepping ~*~*~tactically~*~*~ (stealth).
 10538 | Lair:3   | 10538 ||| Stepping ~*~*~tactically~*~*~ (hiding).
 10571 | Lair:3   | 10571 ||| INVOKING Heroism.
 10579 | Lair:3   | 10579 ||| Stepping ~*~*~tactically~*~*~ (stealth).
 10586 | Lair:3   | 10586 ||| Stepping ~*~*~tactically~*~*~ (stealth).
 10589 | Lair:3   | 10589 ||| Stepping ~*~*~tactically~*~*~ (stealth).
 10654 | Lair:3   | 10654 ||| INVOKING Heroism.
 10660 | Lair:3   | Reached skill level 13 in Axes
 11143 | Lair:3   | 11143 ||| READING 6 scrolls of identify.
 11143 | Lair:3   | 11143 ||| IDENTIFYING grey potion
 11171 | Lair:4   | 11171 ||| Stepping ~*~*~tactically~*~*~ (stealth).
 11173 | Lair:4   | 11173 ||| Stepping ~*~*~tactically~*~*~ (stealth).
 11175 | Lair:4   | 11175 ||| INVOKING Heroism.
 11182 | Lair:4   | 11182 ||| Stepping ~*~*~tactically~*~*~ (stealth).
 11183 | Lair:4   | 11183 ||| Stepping ~*~*~tactically~*~*~ (stealth).
 11196 | Lair:4   | Reached XP level 13. HP: 69/82 MP: 20/20
 11535 | Lair:4   | 11535 ||| Stepping ~*~*~tactically~*~*~ (stealth).
 11536 | Lair:4   | 11536 ||| INVOKING Heroism.
 11736 | Lair:4   | Found the +2 shield of Resistance {rF++ rC++ Will++}
 11797 | Lair:4   | Found a staircase to the Slime Pits.
 12125 | Lair:4   | 12125 ||| UPGRADING to +2 shield of Resistance {rF++ rC++
                  | Will++}.
 12135 | Lair:4   | 12135 ||| DROPPING +0 buckler.
 12136 | Lair:4   | 12136 ||| DROPPING +2 hat.
 12137 | Lair:4   | 12137 ||| UPGRADING to +6 ring of dexterity.
 12139 | Lair:4   | 12139 ||| READING 6 scrolls of identify.
 12139 | Lair:4   | 12139 ||| IDENTIFYING coppery potion
 12140 | Lair:4   | 12140 ||| DROPPING potion of brilliance.
 12177 | Lair:5   | Entered Level 5 of the Lair of Beasts
 12178 | Lair:5   | 12178 ||| INVOKING Heroism.
 12183 | Lair:5   | 12183 ||| STAIRDANCE
 12199 | Lair:5   | 12199 ||| STAIRDANCE
 12217 | Lair:5   | 12217 ||| STAIRDANCE
 12235 | Lair:5   | 12235 ||| STAIRDANCE
 12248 | Lair:5   | 12248 ||| INVOKING Heroism.
 12250 | Lair:5   | 12250 ||| STAIRDANCE
 12355 | Lair:5   | 12355 ||| INVOKING Heroism.
 12356 | Lair:5   | 12356 ||| Stepping ~*~*~tactically~*~*~ (stealth).
 12373 | Lair:5   | 12373 ||| SWAPPING to +0 morningstar.
 12377 | Lair:5   | 12377 ||| Stepping ~*~*~tactically~*~*~ (outnumbered).
 12378 | Lair:5   | 12378 ||| Stepping ~*~*~tactically~*~*~ (outnumbered).
 12379 | Lair:5   | 12379 ||| Stepping ~*~*~tactically~*~*~ (outnumbered).
 12380 | Lair:5   | 12380 ||| INVOKING Heroism.
 12382 | Lair:5   | 12382 ||| Stepping ~*~*~tactically~*~*~ (outnumbered).
 12384 | Lair:5   | 12384 ||| Stepping ~*~*~tactically~*~*~ (outnumbered).
 12385 | Lair:5   | 12385 ||| Stepping ~*~*~tactically~*~*~ (outnumbered).
 12387 | Lair:5   | 12387 ||| Stepping ~*~*~tactically~*~*~ (outnumbered).
 12389 | Lair:5   | 12389 ||| Stepping ~*~*~tactically~*~*~ (outnumbered).
 12395 | Lair:5   | 12395 ||| SWAPPING to +0 broad axe.
 12417 | Lair:5   | 12417 ||| INVOKING Heroism.
 12483 | Lair:5   | 12483 ||| FLEEEEING.
 12484 | Lair:5   | 12484 ||| FLEEEEING.
 12485 | Lair:5   | 12485 ||| FLEEEEING.
 12486 | Lair:5   | 12486 ||| INVOKING Heroism.
 12508 | Lair:5   | Reached skill level 9 in Shields
 12527 | Lair:5   | 12527 ||| Stepping ~*~*~tactically~*~*~ (stealth).
 12671 | Lair:5   | 12671 ||| INVOKING Heroism.
 12681 | Lair:5   | Received a gift from Okawaru
 12719 | Lair:5   | 12719 ||| Stepping ~*~*~tactically~*~*~ (stealth).
 12720 | Lair:5   | 12720 ||| Stepping ~*~*~tactically~*~*~ (stealth).
 12741 | Lair:5   | 12741 ||| INVOKING Heroism.
 12742 | Lair:5   | 12742 ||| SWAPPING to +0 morningstar.
 12743 | Lair:5   | 12743 ||| INVOKING Finesse.
 12753 | Lair:5   | Reached skill level 3 in Throwing
 12753 | Lair:5   | 12753 ||| SWAPPING to +0 broad axe.
 12803 | Lair:5   | 12803 ||| Stepping ~*~*~tactically~*~*~ (hiding).
 12806 | Lair:5   | 12806 ||| INVOKING Heroism.
 12808 | Lair:5   | 12808 ||| INVOKING Finesse.
 12946 | Lair:5   | 12946 ||| INVOKING Heroism.
 12947 | Lair:5   | 12947 ||| SWAPPING to +0 morningstar.
 12948 | Lair:5   | 12948 ||| INVOKING Finesse.
 12958 | Lair:5   | Reached skill level 3 in Dodging
 12958 | Lair:5   | 12958 ||| SWAPPING to +0 broad axe.
 13042 | Lair:5   | 13042 ||| INVOKING Heroism.
 13043 | Lair:5   | 13043 ||| INVOKING Finesse.
 13044 | Lair:5   | 13044 ||| SWAPPING to +0 morningstar.
 13058 | Lair:5   | 13058 ||| SWAPPING to +0 broad axe.
 13217 | Lair:5   | 13217 ||| INVOKING Heroism.
 13240 | Lair:5   | Received a gift from Okawaru
 13265 | Lair:5   | Found a burning altar of Makhleb.
 13266 | Lair:5   | 13266 ||| Stepping ~*~*~tactically~*~*~ (stealth).
 13269 | Lair:5   | 13269 ||| Stepping ~*~*~tactically~*~*~ (hiding).
 13271 | Lair:5   | 13271 ||| INVOKING Heroism.
 13272 | Lair:5   | 13272 ||| INVOKING Finesse.
 13326 | Lair:5   | Found a gateway to Hell.
 13508 | Lair:5   | 13508 ||| INVOKING Heroism.
 13509 | Lair:5   | 13509 ||| INVOKING Finesse.
 13511 | Lair:5   | 13511 ||| SWAPPING to +0 morningstar.
 13516 | Lair:5   | Received a gift from Okawaru
 13517 | Lair:5   | Reached skill level 14 in Axes
 13517 | Lair:5   | Gained mutation: Your large and strong wings let you fly.
                  | [Gargoyle growth]
 13517 | Lair:5   | Reached XP level 14. HP: 88/88 MP: 14/21
 13517 | Lair:5   | 13517 ||| SWAPPING to +0 broad axe.
 13633 | Lair:5   | 13633 ||| Stepping ~*~*~tactically~*~*~ (stealth).
 13634 | Lair:5   | 13634 ||| Stepping ~*~*~tactically~*~*~ (stealth).
 13642 | Lair:5   | 13642 ||| INVOKING Heroism.
 13785 | Lair:5   | Identified the +2 pair of gloves of Time Monsters {Dex+3}
                  | (Okawaru gifted it to you on level 5 of the Lair of Beasts)
 13785 | Lair:5   | Received a gift from Okawaru
 13841 | Lair:5   | 13841 ||| INVOKING Heroism.
 13842 | Lair:5   | 13842 ||| INVOKING Finesse.
 13843 | Lair:5   | 13843 ||| INVOKING Finesse.
 13844 | Lair:5   | 13844 ||| SWAPPING to +0 morningstar.
 13850 | Lair:5   | 13850 ||| SWAPPING to +0 broad axe.
 13991 | Lair:5   | 13991 ||| Stepping ~*~*~tactically~*~*~ (stealth).
 13993 | Lair:5   | 13993 ||| Stepping ~*~*~tactically~*~*~ (stealth).
 14000 | Lair:5   | 14000 ||| Stepping ~*~*~tactically~*~*~ (stealth).
 14006 | Lair:5   | 14006 ||| INVOKING Heroism.
 14484 | Lair:5   | 14484 ||| PLANNING D:1-11
 14484 | Lair:5   | 14484 ||| UPGRADING to +2 pair of gloves of Time Monsters
                  | {Dex+3}.
 14489 | Lair:5   | 14489 ||| DROPPING ring of willpower.
 14696 | D:10     | Entered Level 10 of the Dungeon
 14696 | D:10     | Found a staircase to the Orcish Mines.
 14716 | D:10     | 14716 ||| Stepping ~*~*~tactically~*~*~ (hiding).
 14717 | D:10     | 14717 ||| Stepping ~*~*~tactically~*~*~ (hiding).
 15014 | D:10     | Found a glowing golden altar of the Shining One.
 15016 | D:10     | You are sucked into a shaft and drop 1 floor!
 15035 | D:11     | 15035 ||| READING scroll labelled MUIM QULALY.
 15036 | D:11     | 15036 ||| READING scroll labelled QAUCLE RIASASM.
 15103 | D:10     | 15103 ||| INVOKING Heroism.
 15211 | D:10     | 15211 ||| Stepping ~*~*~tactically~*~*~ (hiding).
 15246 | D:10     | 15246 ||| Stepping ~*~*~tactically~*~*~ (stealth).
 15248 | D:10     | 15248 ||| Stepping ~*~*~tactically~*~*~ (hiding).
 15259 | D:10     | 15259 ||| FLEEEEING.
 15297 | D:10     | 15297 ||| Stepping ~*~*~tactically~*~*~ (stealth).
 15331 | D:10     | Noticed Sonja
 15333 | D:10     | Killed Sonja
 15336 | D:10     | 15336 ||| INVOKING Heroism.
 15678 | D:10     | 15678 ||| Stepping ~*~*~tactically~*~*~ (hiding).
 15679 | D:10     | 15679 ||| Stepping ~*~*~tactically~*~*~ (hiding).
 15756 | D:10     | 15756 ||| Stepping ~*~*~tactically~*~*~ (hiding).
 15758 | D:10     | 15758 ||| Stepping ~*~*~tactically~*~*~ (hiding).
 15765 | D:10     | 15765 ||| INVOKING Heroism.
 15967 | D:10     | 15967 ||| READING 5 scrolls of identify.
 15967 | D:10     | 15967 ||| IDENTIFYING dark potion
 15984 | D:11     | 15984 ||| Stepping ~*~*~tactically~*~*~ (hiding).
 15985 | D:11     | 15985 ||| Stepping ~*~*~tactically~*~*~ (hiding).
 15986 | D:11     | 15986 ||| Stepping ~*~*~tactically~*~*~ (hiding).
 16121 | D:11     | 16121 ||| FLEEEEING.
 16123 | D:11     | 16123 ||| INVOKING Heroism.
 16395 | D:11     | 16395 ||| READING scroll of enchant weapon.
 16395 | D:11     | 16395 ||| ENCHANTING +0 broad axe.
 16542 | D:11     | 16542 ||| PLANNING D
 16646 | D:12     | 16646 ||| INVOKING Heroism.
 16648 | D:12     | 16648 ||| Stepping ~*~*~tactically~*~*~ (hiding).
 16661 | D:12     | Reached skill level 12 in Shields
 16676 | D:12     | 16676 ||| Stepping ~*~*~tactically~*~*~ (stealth).
 16678 | D:12     | 16678 ||| Stepping ~*~*~tactically~*~*~ (hiding).
 16702 | D:12     | 16702 ||| Stepping ~*~*~tactically~*~*~ (hiding).
 16827 | D:12     | 16827 ||| INVOKING Heroism.
 16861 | D:12     | Reached skill level 6 in Throwing
 16911 | D:12     | 16911 ||| Stepping ~*~*~tactically~*~*~ (stealth).
 16913 | D:12     | 16913 ||| Stepping ~*~*~tactically~*~*~ (stealth).
 16915 | D:12     | 16915 ||| Stepping ~*~*~tactically~*~*~ (stealth).
 16917 | D:12     | 16917 ||| INVOKING Heroism.
 16924 | D:12     | 16924 ||| Stepping ~*~*~tactically~*~*~ (stealth).
 16957 | D:12     | 16957 ||| INVOKING Heroism.
 17027 | D:12     | 17027 ||| Stepping ~*~*~tactically~*~*~ (stealth).
 17036 | D:12     | Received a gift from Okawaru
 17368 | D:12     | 17368 ||| UPGRADING to +0 pair of boots.
 17426 | D:13     | 17426 ||| Stepping ~*~*~tactically~*~*~ (hiding).
 17504 | D:13     | 17504 ||| Stepping ~*~*~tactically~*~*~ (stealth).
 17508 | D:13     | 17508 ||| INVOKING Heroism.
 17513 | D:13     | 17513 ||| SWAPPING to +0 morningstar.
 17514 | D:13     | 17514 ||| Stepping ~*~*~tactically~*~*~ (outnumbered).
 17530 | D:13     | 17530 ||| SWAPPING to +1 broad axe.
 17604 | D:13     | 17604 ||| Stepping ~*~*~tactically~*~*~ (hiding).
 17685 | D:13     | 17685 ||| STAIRDANCE
 17804 | D:13     | 17804 ||| INVOKING Heroism.
 17827 | D:13     | Reached XP level 15. HP: 94/94 MP: 22/22
 18105 | D:13     | 18105 ||| Stepping ~*~*~tactically~*~*~ (stealth).
 18176 | D:14     | 18176 ||| STAIRDANCE
 18183 | D:14     | 18183 ||| STAIRDANCE
 18326 | D:14     | Reached skill level 15 in Axes
 18368 | D:14     | Found a portal to a secret trove of treasure.
 18474 | D:14     | 18474 ||| INVOKING Heroism.
 18540 | D:14     | 18540 ||| Stepping ~*~*~tactically~*~*~ (hiding).
 18541 | D:14     | 18541 ||| Stepping ~*~*~tactically~*~*~ (hiding).
 18544 | D:14     | 18544 ||| INVOKING Heroism.
 18551 | D:14     | Reached skill level 12 in Fighting
 18559 | D:14     | Received a gift from Okawaru
 18596 | D:14     | 18596 ||| INVOKING Heroism.
 18665 | D:14     | Found a gate to the Vaults.
 18728 | D:14     | 18728 ||| Stepping ~*~*~tactically~*~*~ (stealth).
 18729 | D:14     | 18729 ||| INVOKING Heroism.
 18730 | D:14     | 18730 ||| SWAPPING to +0 morningstar.
 18731 | D:14     | 18731 ||| INVOKING Finesse.
 18741 | D:14     | 18741 ||| SWAPPING to +1 broad axe.
 18835 | D:14     | Reached skill level 12 in Armour
 18851 | D:14     | 18851 ||| Stepping ~*~*~tactically~*~*~ (hiding).
 18855 | D:14     | 18855 ||| INVOKING Heroism.
 18932 | D:14     | 18932 ||| Stepping ~*~*~tactically~*~*~ (hiding).
 18962 | D:14     | 18962 ||| Stepping ~*~*~tactically~*~*~ (hiding).
 18966 | D:14     | 18966 ||| INVOKING Heroism.
 19011 | D:14     | 19011 ||| INVOKING Heroism.
 19012 | D:14     | 19012 ||| SWAPPING to +0 morningstar.
 19013 | D:14     | 19013 ||| INVOKING Finesse.
 19021 | D:14     | 19021 ||| SWAPPING to +1 broad axe.
 19065 | D:14     | Noticed a fire giant
 19065 | D:14     | Noticed a frost giant
 19070 | D:14     | 19070 ||| INVOKING Heroism.
 19075 | D:14     | Killed a frost giant
 19079 | D:14     | Killed a fire giant
 19192 | D:14     | 19192 ||| READING scroll of enchant weapon.
 19192 | D:14     | 19192 ||| ENCHANTING +1 broad axe.
 19283 | D:14     | 19283 ||| Stepping ~*~*~tactically~*~*~ (stealth).
 19334 | D:14     | 19334 ||| INVOKING Heroism.
 19335 | D:14     | 19335 ||| INVOKING Finesse.
 19336 | D:14     | 19336 ||| Stepping ~*~*~tactically~*~*~ (stealth).
 19337 | D:14     | 19337 ||| Stepping ~*~*~tactically~*~*~ (hiding).
 19341 | D:14     | 19341 ||| Stepping ~*~*~tactically~*~*~ (hiding).
 19348 | D:14     | 19348 ||| Stepping ~*~*~tactically~*~*~ (hiding).
 19349 | D:14     | 19349 ||| Stepping ~*~*~tactically~*~*~ (hiding).
 19357 | D:14     | 19357 ||| Stepping ~*~*~tactically~*~*~ (stealth).
 19358 | D:14     | 19358 ||| SWAPPING to +0 morningstar.
 19365 | D:14     | 19365 ||| SWAPPING to +2 broad axe.
 19388 | D:14     | 19388 ||| INVOKING Heroism.
 19451 | D:14     | Found an opulent altar of Gozag.
 19684 | D:14     | 19684 ||| INVOKING Heroism.
 19841 | D:15     | Entered Level 15 of the Dungeon
 19866 | D:15     | 19866 ||| INVOKING Heroism.
 19867 | D:15     | 19867 ||| SWAPPING to +0 morningstar.
 19868 | D:15     | 19868 ||| INVOKING Finesse.
 19872 | D:15     | 19872 ||| SWAPPING to +2 broad axe.
 19893 | D:15     | 19893 ||| Stepping ~*~*~tactically~*~*~ (stealth).
 19993 | D:15     | 19993 ||| Stepping ~*~*~tactically~*~*~ (hiding).
 20028 | D:15     | Reached skill level 16 in Axes
 20062 | D:15     | 20062 ||| Stepping ~*~*~tactically~*~*~ (stealth).
 20069 | D:15     | 20069 ||| Stepping ~*~*~tactically~*~*~ (hiding).
 20190 | D:15     | 20190 ||| INVOKING Heroism.
 20194 | D:15     | Found a staircase to the Depths.
 20296 | D:15     | 20296 ||| Stepping ~*~*~tactically~*~*~ (hiding).
 20299 | D:15     | 20299 ||| INVOKING Heroism.
 20338 | D:15     | Reached XP level 16. HP: 73/101 MP: 23/23
 20591 | D:15     | 20591 ||| Stepping ~*~*~tactically~*~*~ (hiding).
 20597 | D:15     | Received a gift from Okawaru
 20730 | D:15     | Found Viroacs's Magic Scroll Boutique.
 20734 | D:15     | 20734 ||| BUYING scroll of enchant weapon (135 gold).
 20734 | D:15     | Bought a scroll of enchant weapon for 135 gold pieces
 20734 | D:15     | 20734 ||| READING scroll of enchant weapon.
 20734 | D:15     | 20734 ||| ENCHANTING +2 broad axe.
 20771 | D:15     | 20771 ||| Stepping ~*~*~tactically~*~*~ (stealth).
 20779 | D:15     | 20779 ||| INVOKING Heroism.
 20984 | D:15     | 20984 ||| PLANNING ORC
 21106 | Orc:1    | Entered Level 1 of the Orcish Mines
 21106 | Orc:1    | Noticed Maurice
 21112 | Orc:1    | 21112 ||| INVOKING Heroism.
 21142 | Orc:1    | Killed Maurice
 21176 | Orc:1    | Noticed Erolcha
 21177 | Orc:1    | 21177 ||| Stepping ~*~*~tactically~*~*~ (hiding).
 21180 | Orc:1    | 21180 ||| INVOKING Heroism.
 21184 | Orc:1    | Killed Erolcha
 21414 | Orc:1    | Found a runed translucent door.
 21457 | Orc:1    | 21457 ||| INVOKING Heroism.
 21589 | Orc:2    | Entered Level 2 of the Orcish Mines
 21596 | Orc:2    | Found a staircase to the Elven Halls.
 21604 | Orc:2    | 21604 ||| INVOKING Heroism.
 21634 | Orc:2    | 21634 ||| Stepping ~*~*~tactically~*~*~ (hiding).
 21653 | Orc:2    | 21653 ||| INVOKING Heroism.
 21657 | Orc:2    | HP: 18/101 [orc high priest/divine providence (13)]
 21658 | Orc:2    | 21658 ||| READING 15 scrolls of teleportation.
 21658 | Orc:2    | HP: 5/101 [orc high priest/divine providence (14)]
 21659 | Orc:2    | 21659 ||| DRINKING 5 potions of heal wounds.
 21660 | Orc:2    | 21660 ||| DRINKING 4 potions of heal wounds.
 21661 | Orc:2    | 21661 ||| FLEEEEING.
 21667 | Orc:2    | 21667 ||| FLEEEEING.
 21668 | Orc:2    | 21668 ||| FLEEEEING.
 21675 | Orc:2    | 21675 ||| INVOKING Heroism.
 21679 | Orc:2    | HP: 16/101 [smoke demon/divine providence[an orc high
                  | priest] (10)]
 21680 | Orc:2    | 21680 ||| READING 14 scrolls of teleportation.
 21681 | Orc:2    | 21681 ||| DRINKING 3 potions of heal wounds.
 21682 | Orc:2    | 21682 ||| DRINKING 2 potions of heal wounds.
 21686 | Orc:2    | 21686 ||| FLEEEEING.
 21687 | Orc:2    | 21687 ||| FLEEEEING.
 21688 | Orc:2    | 21688 ||| FLEEEEING.
 21689 | Orc:2    | 21689 ||| FLEEEEING.
 21690 | Orc:2    | 21690 ||| FLEEEEING.
 21691 | Orc:2    | 21691 ||| FLEEEEING.
 21692 | Orc:2    | 21692 ||| FLEEEEING.
 21693 | Orc:2    | 21693 ||| FLEEEEING.
 21694 | Orc:2    | 21694 ||| FLEEEEING.
 21695 | Orc:2    | 21695 ||| FLEEEEING.
 21696 | Orc:2    | 21696 ||| FLEEEEING.
 21697 | Orc:2    | 21697 ||| FLEEEEING.
 21698 | Orc:2    | 21698 ||| FLEEEEING.
 21699 | Orc:2    | 21699 ||| FLEEEEING.
 21700 | Orc:2    | 21700 ||| FLEEEEING.
 21700 | Orc:2    | HP: 18/101 [orc priest/divine providence (14)]
 21701 | Orc:2    | 21701 ||| STAIRDANCE
 21951 | Orc:2    | 21951 ||| STAIRDANCE
 21976 | Orc:2    | 21976 ||| INVOKING Heroism.
 21977 | Orc:2    | 21977 ||| STAIRDANCE
 22009 | Orc:2    | 22009 ||| STAIRDANCE
 22012 | Orc:1    | 22012 ||| INVOKING Heroism.
 22080 | Orc:2    | 22080 ||| Stepping ~*~*~tactically~*~*~ (hiding).
 22081 | Orc:2    | 22081 ||| Stepping ~*~*~tactically~*~*~ (hiding).
 22092 | Orc:2    | 22092 ||| Stepping ~*~*~tactically~*~*~ (stealth).
 22152 | Orc:2    | 22152 ||| INVOKING Heroism.
 22268 | Orc:2    | 22268 ||| Stepping ~*~*~tactically~*~*~ (hiding).
 22270 | Orc:2    | 22270 ||| INVOKING Heroism.
 22301 | Orc:2    | HP: 12/101 [smoke demon/divine providence[an orc high
                  | priest] (15)]
 22302 | Orc:2    | 22302 ||| READING 13 scrolls of teleportation.
 22302 | Orc:2    | Killed from afar by an orc high priest

Levels and vault maps discovered:
D:1:      mainiacjoe_arrival_reflecting_pool, layout_basic
D:2:      layout_basic, basic_altar, minivault_19
D:3:      layout_loops_ring, minmay_misc_feat_rows
D:4:      layout_rooms, trog_ov_bears_minmay,
          nicolae_concentric_dashed_squares_wild
D:5:      layout_rooms, mainiacjoe_overflow_alcove_4,
          mainiacjoe_overflow_concentric_impassable, gammafunk_ghost_icy,
          uniq_eustachio
D:6:      layout_basic, nicolae_sif_muna_condensation,
          minmay_temple_entry_drinking_statues, cheibrodos_sewer_entry_drain,
          minmay_crossroads, uniq_prince_ribbit1, uniq_sigmund, uniq_maggie,
          uniq_edmund
D:7:      layout_basic, grunt_temple_overflow_opulence, minivault_23
D:8:      layout_loops_ring, serial_bayou, serial_bayou_lake_a,
          serial_bayou_shore_b, serial_bayou_shore_b, serial_bayou_pond_c
D:9:      layout_long_grid, lair_entry_dummy, special_room [special_room_orc],
          kennysheep_flooded_box, nicolae_two_hexagons
D:10:     minmay_octagon_keep, layout_loops_ring, nicolae_tso_carved_into_rock,
          orc_0_dummy, uniq_sonja
D:11:     layout_cave_pools
D:12:     layout_loops_ring, minmay_strange_pillars
D:13:     layout_rooms
D:14:     minmay_two_paths, layout_loops_corners,
          hangedman_vaults_entry_quadrant_bands,
          nicolae_gozag_cash_rules_everything_around_me, enter_trove_5
D:15:     grunt_enter_depths_giant_problem, layout_loops_ring, serial_shops,
          nicolae_shop_stone, minmay_fountain_box
Lair:1:   layout_loops_ring, chequers_serial_rivers_micro_e, kennysheep_rathole,
          lemuel_fruit_tree
Lair:2:   layout_cave_pods, minmay_swamp_entry_worms,
          portal_ice_cave_entry_pillars_1, grunt_forest_stairs_clearing
Lair:3:   layout_loops_ring, minmay_snake_entry_guardpost_medium,
          infiniplex_staircase_pool_2
Lair:4:   layout_roguey, slime_entry_1, grunt_megastairs_4
Lair:5:   evil_forest, layout_small_grid
Orc:1:    layout_caves, lightli_church_of_beogh, uniq_maurice, uniq_erolcha
Orc:2:    st_orc_pillars, layout_diamond_mine, mines4_lemuel

Skill      XL: |  1  2  3  4  5  6  7  8  9 10 11 12 13 14 15 16 |
---------------+-------------------------------------------------+-----
Axes           | 2 3 5 6 7 8 9 11 13 14 16 | 16.5
Fighting       | 4 5 7 8 9 10 11 12 | 12.0
Dodging        | 1 2 3 4 5 |  5.1
Armour         | 4 6 8 9 11 12 | 12.0
Throwing       | 2 4 6 7 |  7.0
Invocations    | 4 5 9 10 | 10.0
Shields        | 4 5 6 11 12 13 | 13.0

Action                   |  1- 3 |  4- 6 |  7- 9 | 10-12 | 13-15 | 16-18 || total
-------------------------+-------+-------+-------+-------+-------+-------++-------
Melee: War axe           |    89 |    67 |   177 |   359 |       |       ||   692
       Broad axe         |       |       |       |    88 |  1184 |   225 ||  1497
       Morningstar       |       |       |       |       |    86 |       ||    86
Throw: Boomerang         |       |       |    46 |   122 |    82 |    18 ||   268
       Javelin           |       |       |       |       |    73 |     5 ||    78
Invok: Heroism           |       |       |     8 |    36 |    42 |    11 ||    97
       Finesse           |       |       |       |     3 |    11 |       ||    14
  Use: Scroll            |     2 |     8 |     7 |    12 |     6 |     4 ||    39
       Potion            |       |     3 |     1 |     1 |       |     4 ||     9
 Stab: Distracted        |       |       |     4 |     9 |       |       ||    13
Armor: Scale mail        |    37 |     2 |       |       |       |       ||    39
       Chain mail        |       |     9 |       |       |       |       ||     9
       Plate armour      |       |     7 |    75 |   115 |   460 |    57 ||   714
Dodge: Dodged            |    36 |    24 |    43 |   112 |   351 |    76 ||   642
Block: Buckler           |    17 |    10 |    47 |   124 |    24 |       ||   222
       Kite shield       |       |       |       |       |  1078 |   225 ||  1303
       Reflection        |       |       |       |       |    53 |     9 ||    62

Table legend:
 A = Non-vault XP
 B = Vault XP
 C = Vault XP percentage of total XP
 D = Non-vault monster count
 E = Vault monster count
 F = Vault count percentage of total count
                 A         B        C        D         E       F
            +---------+---------+-------+---------+---------+-------
      Total |  102244 |   43887 |  30.0 |     507 |     193 |  27.6
            +---------+---------+-------+---------+---------+-------
        D:1 |      44 |       0 |   0.0 |      28 |       0 |   0.0
        D:2 |      68 |       0 |   0.0 |      25 |       0 |   0.0
        D:3 |      38 |       0 |   0.0 |      12 |       0 |   0.0
        D:4 |     509 |     250 |  32.9 |      20 |       2 |   9.1
        D:5 |     596 |     208 |  25.9 |      19 |       1 |   5.0
        D:6 |     771 |    1221 |  61.3 |      21 |       8 |  27.6
        D:7 |     638 |       0 |   0.0 |      16 |       0 |   0.0
        D:8 |    2095 |       0 |   0.0 |      27 |       0 |   0.0
        D:9 |    2439 |     381 |  13.5 |      17 |      25 |  59.5
       D:10 |    4098 |    2856 |  41.1 |      27 |      12 |  30.8
       D:11 |    3274 |       0 |   0.0 |      14 |       0 |   0.0
       D:12 |    8557 |       0 |   0.0 |      17 |       0 |   0.0
       D:13 |    8786 |       0 |   0.0 |      25 |       0 |   0.0
       D:14 |    9221 |   17209 |  65.1 |      26 |      33 |  55.9
       D:15 |   17344 |    1075 |   5.8 |      34 |       1 |   2.9
     Lair:1 |    4089 |     132 |   3.1 |      18 |       9 |  33.3
     Lair:2 |    8242 |    1695 |  17.1 |      35 |       9 |  20.5
     Lair:3 |    6708 |    1125 |  14.4 |      25 |       7 |  21.9
     Lair:4 |    4588 |    1968 |  30.0 |      18 |       9 |  33.3
     Lair:5 |   14116 |    9913 |  41.3 |      45 |      26 |  36.6
      Orc:1 |    3737 |    2145 |  36.5 |      25 |       5 |  16.7
      Orc:2 |    2286 |    3709 |  61.9 |      13 |      46 |  78.0
            +---------+---------+-------+---------+---------+-------
